cohdb
Replays
Latest Replays
All Replays
Popular Replays
Top Player Replays
Match Explorer
How It Works
Community
CoH3 Stats
Reddit
Sign in to upload your games and track your stats! →
Sign in with Steam
Match 37362569
Unlisted
Match 37362569
Overview
Messages
Build Orders
End
Panzergrenadier Squad
250 Light Carrier
250 Light Carrier
Selects Armored Support Battlegroup
Construct Light Support Kompanie
Combat Half-tracks
Selects Superior Fire Drills
MG34 Team
Construct Mechanized Kompanie
Panzerjäger Mechanized Group
Vehicle Survival Package
Selects Flammpanzer III Medium Tank
Flammpanzer III Medium Tank
Marder III Tank Destroyer
Marder III Tank Destroyer
Panzerjäger Mechanized Group
Selects Salvage Kits
Selects Panzer Storm
254 Reconnaissance Tractor
250 Light Carrier
Marder III Tank Destroyer
Tungsten Core Ammunition
254 Reconnaissance Tractor
Chikage
R19
JT
冲锋大哥
StCuthbert
Mad
spinn72
ééé
0
0
Comments
sign in to comment!
No comments posted yet!